 Dungeon Crawl Stone Soup version 0.32-a0-931-g5a2cda0630 (webtiles) character file.

Game seed: 5090884366629224538

1294052 EnegeticOcto the Goblin of Death (level 27, 169/211 (228) HPs)
             Began as a Coglin Summoner on Apr 12, 2024.
             Was the Champion of Dithmenos.
             Escaped with the Orb
             ... and 3 runes on Apr 13, 2024!
             The game lasted 02:35:44 (123114 turns).

EnegeticOcto the Goblin of Death (CoSu)           Turns: 123114, Time: 02:35:45

HP:   169/211 (228) AC: 17    Str: 12    XL:     27
MP:   32/32         EV: 31    Int: 16    God:    Dithmenos [******]
Gold: 3288          SH:  0    Dex: 24    Spells: 7/30 levels left

rFire   + + .        d - +3 hand cannon (freeze) {Harkiran}
rCold   + . .        j - +9 hand cannon (chaos) {Raúl}
rNeg    + . .        U - +1 robe of Shielding {rF++ rN+ Int-3}
rPois   +            C - +2 helmet {SInv}
rElec   .            Z - +1 cloak of Starlight {*Dazzle EV+4 Stlth--}
rCorr   .            r - +2 pair of gloves {Str+3}
SInv    +            a - +3 pair of mountain boots {steadfast, rC+}
Will    +++..        (amulet unavailable)
Stlth   +            (ring unavailable)
HPRegen 0.55/turn    (ring unavailable)
MPRegen 0.23/turn    h - supertransmogrifier N-4500 {Will+ Slay+3 Clar RMsl}

%: repel missiles, clarity
@: wreathed by umbra, studying 4 skills, drained
A: off-hand wielding, slow wielding, warmup strikes, no jewellery, deterioration
1, mutation resistance 2, poison resistance
0: Orb of Zot
}: 3/15 runes: decaying, serpentine, slimy
a: Renounce Religion, Shadow Step, Shadow Form


You escaped.
You worshipped Dithmenos.
Dithmenos was exalted by your worship.
You visited 12 branches of the dungeon, and saw 55 of its levels.
You also visited: Sewer and Wizlab.

You collected 8255 gold pieces.
You spent 4967 gold pieces at shops.

Inventory:

Hand Weapons
 d - a +3 hand cannon of freezing (weapon) {Harkiran}
   (You found it on level 4 of the Vaults)
 j - a +9 hand cannon of chaos (offhand) {Raúl}
   (You acquired it on level 1 of the Dungeon)
 T - the +4 whip of Responsibility {spect, Fly rF+ rC+}
   (You took it off a deep elf sorcerer on level 3 of the Elven Halls)

   rF+:       It protects you from fire.
   rC+:       It protects you from cold.
   Fly:       It grants you flight.
Missiles
 V - 3 curare-tipped darts
Armour
 a - the +3 pair of mountain boots (worn) {steadfast, rC+}
   (You found it on level 3 of the Vaults)

   Steadfast: It prevents involuntary movement, except for blinking,
   teleportation, or banishment.
   rC+:       It protects you from cold.
 c - the +2 troll leather armour of the Armadillo {rElec Regen+ rCorr Str+2}
   (You found it on level 1 of the Lair of Beasts)

   Str+2:     It affects your strength (+2).
   rElec:     It insulates you from electricity.
   Regen+:    It increases your rate of health regeneration.
   rCorr:     It protects you from acid and corrosion.
 r - a +2 pair of gloves of strength (worn)
   (You bought it in a shop on level 4 of the Depths)
 x - a +2 cloak of willpower
   (You found it in a wizard's laboratory)
 y - a +3 leather armour of fire resistance
   (You found it on level 2 of the Elven Halls)
 C - a +2 helmet of see invisible (worn)
   (You found it on level 5 of the Pits of Slime)
 U - the +1 robe of Shielding (worn) {rF++ rN+ Int-3}
   (You took it off a deep elf zephyrmancer on level 3 of the Elven Halls)

   Int-3:     It affects your intelligence (-3).
   rF++:      It greatly protects you from fire.
   rN+:       It protects you from negative energy.
 Z - the +1 cloak of Starlight (worn) {*Dazzle EV+4 Stlth--}
   (You found it in a wizard's laboratory)

   *Dazzle:   It may blind those who miss an attack against the wearer in melee
   combat.
   EV+4:      It affects your evasion (+4).
   Stlth--:   It makes you much less stealthy.
Gizmo
 h - a supertransmogrifier N-4500 (installed) {Will+ Slay+3 Clar RMsl}
   (You invented it yourself on level 5 of the Lair of Beasts)

   [supertransmogrifier N-4500]

   Slay+3:    It affects your accuracy & damage with ranged weapons and melee
   (+3).
   Will+:     It increases your willpower.
   Clar:      It protects you from confusion, rage, mesmerisation and fear.
   RMsl:      It protects you from missiles.
Wands
 t - a wand of iceblast (11) {@v2}
   (You found it on level 5 of the Pits of Slime)
 F - a wand of mindburst (32)
   (You found it on level 2 of the Swamp)
 K - a wand of digging (13) {@v3}
   (You found it on level 12 of the Dungeon)
 O - a wand of paralysis (40)
   (You found it on level 4 of the Swamp)
 Q - a wand of quicksilver (27) {@v1}
   (You found it on level 2 of the Snake Pit)
Scrolls
 l - 8 scrolls of vulnerability
 m - 5 scrolls of fear {!r}
 n - 14 scrolls of teleportation {@r3 !r}
 q - 11 scrolls of fog {!r}
 s - 6 scrolls of poison {!r}
 v - 2 scrolls of revelation {@r5 !r}
 w - 3 scrolls of blinking {@r4}
 A - 9 scrolls of immolation
 B - a scroll of enchant weapon
 M - a scroll of brand weapon
 P - 5 scrolls of enchant armour
Potions
 b - 5 potions of magic
 e - 16 potions of curing {@q1 !q}
 f - 7 potions of mutation
 g - 3 potions of berserk rage
 i - 2 potions of brilliance
 k - a potion of haste {@q4 !q}
 o - 8 potions of enlightenment
 p - 2 potions of invisibility
 u - 8 potions of cancellation
 z - 8 potions of attraction
 E - 16 potions of heal wounds {@q2 !q}
 G - 2 potions of lignification {@q6}
 J - 5 potions of ambrosia
 N - 3 potions of might {@q3 !q}
 R - a potion of resistance
Miscellaneous
 D - a lightning rod (4/4)
   (You found it on level 5 of the Lair of Beasts)
 Y - a condenser vane
   (You found it in a wizard's laboratory)


   Skills:
 + Level 21.1 Fighting
 - Level 18.0 Ranged Weapons
 + Level 9.3 Armour
 - Level 18.0 Dodging
 - Level 3.0 Stealth
 - Level 2.0 Spellcasting
 - Level 4.0 Summonings
 O Level 27 Necromancy
 - Level 9.0 Translocations
 - Level 13.0 Invocations
 - Level 10.0 Evocations


You had 7 spell levels left.
You knew the following spells:

 Your Spells              Type           Power      Damage    Failure   Level
a - Apportation           Tloc           60%        N/A       1%          1
b - Summon Small Mammal   Summ           56%        N/A       4%          1
c - Dispel Undead         Necr           73%        3d24      0%          4
e - Passage of Golubria   Tloc           30%        N/A       4%          4
p - Passwall              Erth           1%         N/A       52%         3
R - Borgnjor's Revivific  Necr           36%        N/A       1%          8
Y - Blink                 Tloc           60%        N/A       1%          2

Your spell library contained the following spells:

 Spells                   Type           Power      Damage    Failure   Level
 Necrotise                Necr           100%       1d9       0%          1
 Fugue of the Fallen      Necr           73%        N/A       0%          3
 Animate Dead             Necr           73%        N/A       0%          4
 Cigotuvi's Dreadful Rot  Necr/Alch/Air  60%        N/A       1%          2
 Lesser Beckoning         Tloc           60%        N/A       1%          2
 Maxwell's Portable Pile  Tloc           30%        2d(8-22)  1%          3
 Teleport Other           Tloc           30%        N/A       1%          3
 Anguish                  Hex/Necr       22%        N/A       1%          4
 Martyr's Knell           Necr/Summ      50%        N/A       1%          4
 Borgnjor's Vile Clutch   Necr/Erth      22%        N/A       2%          5
 Momentum Strike          Conj/Tloc      32%        3d8       4%          2
 Call Imp                 Summ           28%        N/A       6%          2
 Volatile Blastmotes      Fire/Tloc      32%        2d12      10%         3
 Call Canine Familiar     Summ           14%        N/A       12%         3
 Foxfire                  Conj/Fire      4%         2x1d4     21%         1
 Magic Dart               Conj           4%         1d3       21%         1
 Sandblast                Erth           2%         2d4       21%         1
 Sting                    Conj/Alch      4%         1d3       21%         1
 Ensorcelled Hibernation  Hex/Ice        2%         N/A       30%         2
 Jinxbite                 Hex            2%         N/A       30%         2
 Searing Ray              Conj           2%         2d4       30%         2
 Static Discharge         Conj/Air       2%         3-4/arc   30%         2
 Haunt                    Necr/Summ      25%        N/A       30%         7
 Iskenderun's Mystic Bla Conj/Tloc 16%            2d5        (+2d2     32%         4
 Vhi's Electric Charge    Tloc/Air       32%        N/A       32%         4
 Summon Forest            Summ/Tloc      11%        N/A       36%         5
 Frozen Ramparts          Ice            2%         1d1       52%         3
 Inner Flame              Hex/Fire       1%         N/A       52%         3
 Ozocubu's Armour         Ice            1%         N/A       52%         3
 Stone Arrow              Conj/Erth      2%         3d7       52%         3
 Swiftness                Air            1%         N/A       52%         3
 Dispersal                Tloc           15%        N/A       61%         6
 Gell's Gavotte           Tloc           15%        2d(18-26) 61%         6
 Animate Armour           Summ/Erth      16%        N/A       65%         4
 Summon Blazeheart Golem  Fire/Summ      8%         N/A       65%         4
 Summon Lightning Spire   Summ/Air       8%         N/A       65%         4
 Airstrike                Air            0%         2d(1-17)  90%         4
 Brom's Barrelling Bould  Conj/Erth      1%         2d3       90%         4
 Cause Fear               Hex            0%         N/A       90%         4
 Flame Wave               Conj/Fire      1%         2d4       90%         4
 Fulminant Prism          Conj/Alch      0%         3d5       90%         4
 Ignite Poison            Fire/Alch      1%         N/A       90%         4
 Leda's Liquefaction      Alch/Erth      0%         N/A       90%         4
 Olgreb's Toxic Radiance  Alch           1%         N/A       90%         4
 Sticky Flame             Fire/Alch      1%         2d4       90%         4
 Summon Mana Viper        Hex/Summ       8%         N/A       94%         5
 Alistair's Intoxication  Alch           0%         N/A       99%         5
 Arcjolt                  Conj/Air       0%         1d10      99%         5
 Fireball                 Conj/Fire      0%         3d3       99%         5
 Freezing Cloud           Conj/Ice/Air   0%         6-21      99%         5
 Iskenderun's Battlesphe  Conj           1%         2d6       99%         5
 Lee's Rapid Deconstruct  Erth           0%         3d4*      99%         5
 Metabolic Englaciation   Hex/Ice        0%         N/A       99%         5
 Silence                  Hex/Air        0%         N/A       99%         5
 Summon Cactus Giant      Summ           7%         N/A       99%         6
 Manifold Assault         Tloc           15%        N/A       99%         7
 Bombard                  Conj/Erth      0%         9d1       100%        6
 Conjure Ball Lightning   Conj/Air       0%         3x3d6     100%        6
 Eringya's Noxious Bog    Alch           0%         4d6       100%        6
 Permafrost Eruption      Ice/Erth       0%         2x4d1     100%        6
 Plasma Beam              Fire/Air       0%         2x1d10    100%        6
 Starburst                Conj/Fire      0%         6d3       100%        6
 Enfeeble                 Hex            0%         N/A       100%        7
 Orb of Destruction       Conj           0%         9d5       100%        7
 Ozocubu's Refrigeration  Ice            0%         4d7       100%        7
 Spellforged Servitor     Conj/Summ      4%         N/A       100%        7
 Infestation              Necr           36%        N/A       1%          8
 Death's Door             Necr           36%        N/A       32%         9
 Discord                  Hex            0%         N/A       100%        8
 Disjunction              Tloc           15%        N/A       100%        8
 Lehudib's Crystal Spear  Conj/Erth      0%         10d2      100%        8
 Maxwell's Capacitive Co  Air            0%         ∞         100%        8
 Dragon's Call            Summ           7%         N/A       100%        9


Dungeon Overview and Level Annotations

Branches:
Dungeon (15/15)            Temple (1/1) D:6            Lair (5/5) D:10
  Swamp (4/4) Lair:3        Snake (4/4) Lair:3        Slime (5/5) Lair:4
    Orc (2/2) D:12            Elf (3/3) Orc:2        Vaults (4/5) D:14
  Crypt (3/3) Vaults:3       Tomb (0/3) Crypt:3      Depths (4/4) D:15
    Zot (5/5) Depths:4      Sewer (visited)          WizLab (visited)

Altars:
Ashenzari
Cheibriados
Dithmenos
Elyvilon
Fedhas
Gozag
Hepliaklqana
Kikubaaqudgha
Makhleb
Nemelex Xobeh
Okawaru
Qazlal
Ru
Sif Muna
Trog
Uskayaw
Vehumet
Wu Jian
Xom
Yredelemnul
Zin
The Shining One
Beogh

Shops:
D:4 (   Orc:2 :![(?   Vaults:4 !   Depths:1 *=::=   Depths:3 ??(
Depths:4 [**?(!

Portals:
Hell: Depths:2 Depths:3 Depths:4
Abyss: Depths:2 Depths:3 Depths:4
Pandemonium: Depths:2
Ziggurat: Depths:3

Annotations:
Swamp:2 1 runed translucent door, exclusion: door, Losm's ghost, adept CoAr
Depths:1 1 exclusion
Depths:2 1 runed translucent door, exclusion: door, Huzoalasm's ghost, veteran KoBr
Depths:3 2 transporters


Innate Abilities, Weirdness & Mutations

You can wield a second weapon in your off-hand.
It takes a long time for you to wield or remove held weapons.
Your first few attacks do less damage.
You cannot equip rings or amulets.
Your body sometimes deteriorates upon taking damage.
You are somewhat resistant to both further mutation and mutation removal.
Your system is resistant to poisons. (rPois)


Message History

Your shadow shoots a slug.
The slug hits the angel but does no damage.
The angel barely misses you. The angel completely misses you.
You shoot a slug. The slug hits the angel!!!
The slug freezes the angel!
You kill the angel!
Dithmenos accepts your kill.
You shoot a slug.
Things that are here:
a +3 whip of holy wrath; a +0 robe The Brimstone Fiend gestures at you.
The sphere of damnation explodes!
The damnation engulfs you!
There is a stone staircase leading up here.
The Brimstone Fiend calls on the powers of darkness!
Your body is wracked with pain!
You emit a cloud of dark smoke.
You climb upwards.
There is a stone staircase leading down here.
(D) Dungeon (T) Temple (L) Lair (S) Swamp (P) Snake Pit (M) Slime Pits (O) Orcish Mines (E) Elven Halls (V) Vaults (C) Crypt (W) Tomb (U) Depths (H) Hell (Z) Zot
Where to? (Tab/Enter - D:1 @ (x,y), ? - help)
There is a stone staircase leading up here.
You climb upwards.
There is a stone staircase leading down here.
An Orb Guardian comes into view.
Unknown command.
You are too injured to fight recklessly!
You are too injured to fight recklessly!
Fire: d) +3 hand cannon (freeze) {Harkiran}
Press: ? - help, Q - select action, (/) - cycle Shift-Dir - straight line, f - Orb Guardian
Aim: an Orb Guardian (umbra, 75% to hit)
You shoot a slug. The slug hits the Orb Guardian!
The slug burns the Orb Guardian.
The Orb Guardian is lightly wounded.
You shoot a slug. The slug hits the Orb Guardian.
The slug freezes the Orb Guardian.
The Orb Guardian is moderately wounded.
Fire: d) +3 hand cannon (freeze) {Harkiran}
Press: ? - help, Q - select action, (/) - cycle Shift-Dir - straight line, f/p - Orb Guardian
Aim: an Orb Guardian (moderately wounded, umbra, 75% to hit)
You shoot a slug. The slug hits the Orb Guardian.
The Orb Guardian convulses.
The Orb Guardian is moderately wounded.
You shoot a slug.
The slug hits the Orb Guardian but does no damage.
The Orb Guardian is moderately wounded.
Your shadow shoots a slug.
The slug closely misses the Orb Guardian.
Fire: d) +3 hand cannon (freeze) {Harkiran}
Press: ? - help, Q - select action, (/) - cycle Shift-Dir - straight line, f/p - Orb Guardian
Aim: an Orb Guardian (moderately wounded, umbra, 75% to hit)
You shoot a slug.
The slug hits the Orb Guardian but does no damage.
The Orb Guardian appears confused.
The Orb Guardian is moderately wounded.
You shoot a slug. The slug hits the Orb Guardian.
The slug freezes the Orb Guardian.
The Orb Guardian is moderately wounded.
Fire: d) +3 hand cannon (freeze) {Harkiran}
Press: ? - help, Q - select action, (/) - cycle Shift-Dir - straight line, f/p - Orb Guardian
Aim: an Orb Guardian (moderately wounded, confused, umbra, 87% to hit)
You shoot a slug. The slug hits the Orb Guardian!!
The slug freezes the Orb Guardian.
The Orb Guardian is severely wounded.
You shoot a slug. The slug hits the Orb Guardian!
The slug burns the Orb Guardian!
You kill the Orb Guardian!
Dithmenos accepts your kill.
(D) Dungeon (T) Temple (L) Lair (S) Swamp (P) Snake Pit (M) Slime Pits (O) Orcish Mines (E) Elven Halls (V) Vaults (C) Crypt (W) Tomb (U) Depths (H) Hell (Z) Zot
Where to? (Tab/Enter - D:1 @ (x,y), ? - help)
A reaper comes into view. It is wielding a +1 scythe of freezing.
You shoot a slug. The slug barely misses the reaper.
You shoot a slug. The slug hits the reaper.
The slug freezes the reaper.
The reaper is lightly wounded.
Your shadow shoots a slug.
The slug closely misses the reaper.
You shoot a slug. The slug hits the reaper!
The slug burns the reaper.
The reaper is lightly wounded.
You shoot a slug. The slug barely misses the reaper.
You shoot a slug. The slug hits the reaper!
The reaper is heavily wounded.
You shoot a slug. The slug hits the reaper!!
The slug freezes the reaper.
The reaper is almost dead.
Your shadow shoots a slug.
The slug hits the reaper but does no damage.
The reaper misses you.
You shoot a slug. The slug hits the reaper!!
The slug freezes the reaper.
You kill the reaper!
Dithmenos accepts your kill.
You shoot a slug.
No target in view!
(D) Dungeon (T) Temple (L) Lair (S) Swamp (P) Snake Pit (M) Slime Pits (O) Orcish Mines (E) Elven Halls (V) Vaults (C) Crypt (W) Tomb (U) Depths (H) Hell (Z) Zot
Where to? (Tab/Enter - D:1 @ (x,y), ? - help)
There is a staircase leading out of the dungeon here.
Unknown command.
You have escaped!

##.###.>.....####..#.#(..♣.♣..###
.....#...#.#..................#
.###.###.#.######....#.#..#..##
.# #..=#...# #..###.#.###.####
†###.###.#.# #..# #........##.
.....#.....# #..##########.#.#
##.###.##..# #............####
.#.#...##..### ###.#######..##.##
.###.####....###@### ### ####..#.
.....# #.####....# #.## #..##.
...### #.# #....## #..####...#.
...### #.# #.###.#####..#.#..#.
.....# #.# #......# ##..##..#.
#..#.# #.#####.##.#### ##.###.##
#..#.####....#####....####.#..##
#.............#####..#..#....##
.......######.....##....##.###


There were no monsters in sight!

Vanquished Creatures
  the Royal Jelly (Slime:5)
  2 orbs of fire
  An ancient lich (Crypt:3)
  Boris (4 times) (Vaults:4 Depths:3 Crypt:2 Crypt:3)
  Saint Roka (Elf:2)
  A curse toe (Zot:2)
  4 golden dragons
  8 caustic shrikes
  A profane servitor (D:12)
  2 bone dragons
  An electric golem (Zot:1)
  A shard shrike zombie (Crypt:3)
  6 tentacled monstrosities
  8 Orb Guardians
  5 liches
  3 deep elf blademasters
  2 deep elf master archers (Elf:3)
  2 quicksilver dragons
  89 acid blobs
  2 death cobs (Depths:4)
  5 ancient champions
  4 sphinxes
  2 Executioners
  The ghost of Gipinaek the Warrior, an adept DsGl of Gozag (Snake:2)
  3 tengu reavers
  2 tentacled starspawn (WizLab)
  2 thorn hunters
  62 azure jellies
  2 protean progenitors (Zot:5)
  6 nagarajas
  5 storm dragons
  7 draconian monks
  Aizul (Elf:3)
  A fenstrider witch (Swamp:2)
  5 shadow dragons
  4 fire giants
  2 balrugs
  6 draconian knights (Zot:2)
  80 rockslimes
  6 ghost moths
  5 draconian shifters
  5 draconian scorchers
  5 deep elf elementalists (Elf:3)
  6 deep elf sorcerers
  5 frost giants
  13 vault wardens
  A cacodemon (Depths:4)
  An orc warlord (Vaults:3)
  3 reapers
  17 ironbound preservers
  6 very ugly things
  An angel (D:3)
  78 quicksilver oozes
  4 formless jellyfish
  4 draconian annihilators
  4 draconian stormcallers
  13 stone giants
  7 ironbound thunderhulks
  6 deep elf demonologists
  9 vampire knights
  The ghost of Wici the Severer, a journeyman MDFi of Trog (Lair:4)
  6 black draconians
  A lorocyproca (Depths:2)
  9 green draconians
  6 red draconians
  10 deep elf death magi
  11 white draconians
  4 eleionomae
  15 dire elephants
  A bunyip (Swamp:4)
  7 war gargoyles
  16 yellow draconians
  8 spark wasps
  10 deep elf annihilators
  2 eidola
  5 purple draconians
  2 green deaths (Swamp:4)
  10 ettins
  3 shambling mangroves
  7 jiangshi
  8 fire dragons
  A merfolk javelineer (Depths:3)
  3 deep elf high priests
  8 crystal guardians
  A spriggan zombie (Crypt:3)
  4 salamander tyrants (Snake:4)
  5 entropy weavers
  5 yaktaur captains
  2 hell beasts (Swamp:4)
  11 vault guards
  17 hydras
  8 ice dragons
  A fenstrider witch zombie (Crypt:3)
  2 spriggan skeletons (Crypt:3)
  14 great orbs of eyes
  7 rakshasas
  9 anacondas
  4 ogre magi
  8 alligators
  9 ironbound frosthearts
  2 ghost crabs
  Erica (D:8)
  6 peacekeepers
  A spectral frost giant (Depths:1)
  4 centaur warriors
  33 dancing weapons
  A fenstrider witch skeleton (Crypt:2)
  14 two-headed ogres
  3 catoblepae (Lair:5)
  8 deep troll earth magi
  5 spriggan air magi
  6 deep troll shamans
  16 death yaks
  A sphinx skeleton (Vaults:1)
  4 hell hogs
  13 tengu warriors
  10 boulder beetles
  9 vampire magi
  10 orc high priests
  2 occultists
  2 thrashing horrors (Swamp:4)
  11 naga warriors
  7 spriggan berserkers
  12 naga sharpshooters
  10 shock serpents
  14 hell knights
  4 soul eaters
  8 spriggans
  19 deep elf knights
  A storm dragon zombie (Crypt:3)
  4 skysharks
  Amaemon (D:8)
  A golden dragon zombie (Crypt:3)
  2 sun demons (Depths:2)
  10 goliath frogs
  A bunyip zombie (Crypt:2)
  2 sixfirhies
  A titan skeleton (Depths:1)
  48 deep trolls
  2 salamander mystics
  2 sea snakes (Snake:1)
  2 shadow demons
  33 skeletal warriors
  A mana viper (shapeshifter) (Vaults:3)
  3 glowing orange brains
  10 deep elf archers
  A sea snake (shapeshifter) (Depths:2)
  2 orb spiders (WizLab)
  A shadow wraith (Crypt:2)
  2 large abominations (Swamp:4)
  8 iron trolls
  4 swamp dragons
  10 arcanists
  4 mana vipers
  2 obsidian statues (WizLab)
  17 ironbound convokers
  3 spriggan druids
  5 naga ritualists
  5 orc knights
  7 bog bodies
  An obsidian bat (Orc:1)
  A sun moth (shapeshifter) (Depths:3)
  5 steelbarb worms (Swamp:3)
  11 necromancers
  A lindwurm (shapeshifter) (Elf:3)
  5 harpies
  8 lindwurms (Vaults:1)
  Pikel (D:5)
  27 deep elf pyromancers
  3 phantasmal warriors (Crypt:1)
  3 flayed ghosts
  4 orc sorcerers
  8 thermic dynamos
  A steelbarb worm (shapeshifter) (Vaults:1)
  30 deep elf zephyrmancers
  2 wolf spiders (Zot:5)
  22 ugly things
  4 cyclopes
  2 tengu skeletons (Vaults:3)
  Maurice (D:9)
  7 shining eyes
  6 manticores
  3 oklob plants (Zot:2)
  9 elephants
  15 salamanders
  6 will-o-the-wisps
  18 moths of wrath
  3 shadow dragon skeletons
  3 worldbinders (WizLab)
  2 iron dragon skeletons
  6 kobold blastminers
  An apocalypse crab (WizLab)
  19 vault sentinels
  Joseph (D:9)
  2 stone giant skeletons (Vaults:3)
  15 guardian serpents
  4 human skeletons
  A water nymph (shapeshifter) (Depths:2)
  2 naga zombies (Crypt:3)
  28 black mambas
  8 smoke demons
  An elf skeleton (Vaults:1)
  An eye of devastation (shapeshifter) (Vaults:2)
  10 naga magi
  4 molten gargoyles (Elf:2)
  An eye of devastation (Slime:4)
  2 centaur skeletons
  A death yak zombie (Crypt:2)
  A yaktaur zombie (Vaults:1)
  11 cane toads
  3 orange demons
  A torpor snail (shapeshifter) (WizLab)
  3 alligator snapping turtle zombies
  2 hellions (Depths:2)
  5 rime drakes
  5 unseen horrors
  An ice devil (Depths:3)
  24 yaktaurs
  11 komodo dragons
  A spectral glowing shapeshifter (Depths:1)
  2 efreet
  A freezing wraith (Crypt:1)
  8 tengu conjurers
  A queen bee (shapeshifter) (Vaults:1)
  A hellwing (WizLab)
  2 yaktaur skeletons (Vaults:3)
  5 bloated husks
  A hydra zombie (Crypt:3)
  14 hornets
  A moth of wrath zombie (Crypt:1)
  A harpy skeleton (Crypt:2)
  5 trolls
  A raiju (WizLab)
  4 glass eyes
  A dream sheep (shapeshifter) (WizLab)
  5 jumping spiders
  A stone giant simulacrum (Vaults:1)
  13 tyrant leeches
  A jumping spider zombie (Crypt:1)
  A satyr zombie (Crypt:1)
  A fire dragon zombie (Crypt:3)
  21 blink frogs
  A merfolk zombie (Crypt:3)
  A black mamba zombie (Crypt:1)
  92 slime creatures
  5 air elementals
  A tyrant leech zombie (Crypt:2)
  6 water elementals
  7 shadows
  A ynoxinul (Zot:4)
  2 wraiths (D:12)
  7 wyverns
  Grum (D:9)
  An ettin skeleton (Vaults:3)
  A black mamba skeleton (Crypt:2)
  3 basilisks
  4 fire bats (Depths:2)
  An ice dragon skeleton (Crypt:1)
  A fire elemental (Elf:2)
  A hog (shapeshifter) (D:13)
  5 golden eyes
  38 yaks
  A wind drake skeleton (Crypt:1)
  4 redbacks
  7 wargs
  9 vampire mosquitoes
  A death yak simulacrum (Lair:4)
  3 acid dragons
  29 nagas
  15 swamp worms
  4 glowing shapeshifter skeletons
  3 hydra simulacra (Lair:4)
  Duvessa (D:5)
  2 hell hounds (Lair:2)
  4 swamp drakes
  10 water moccasins
  2 ice beasts
  19 orc warriors
  A sky beast (D:7)
  A human zombie (Vaults:1)
  A black bear (D:6)
  7 ogres
  41 laughing skulls
  An ettin simulacrum (Depths:1)
  5 boggarts
  12 wolves
  A lemure (D:5)
  3 phantoms (D:6)
  6 centaurs
  5 kobold brigands
  An elf zombie (Crypt:2)
  A gnoll sergeant (D:5)
  18 bullfrogs
  3 earth elementals
  5 scorpions
  A small abomination (Depths:1)
  A warg skeleton (Crypt:1)
  Dowan (D:5)
  A yak zombie (Crypt:2)
  4 wights (D:7)
  An elephant simulacrum (Lair:4)
  A dream sheep simulacrum (Lair:4)
  5 electric eels
  7 howler monkeys
  5 hounds
  3 bombardier beetles
  19 jellies
  14 orc priests
  4 starcursed masses (WizLab)
  6 iguanas
  Crazy Yiuf (D:5)
  A scorpion zombie (D:3)
  17 orc wizards
  An ogre skeleton (Crypt:2)
  A howler monkey zombie (Crypt:1)
  3 gnolls (D:5)
  9 adders
  A white imp (D:8)
  2 ufetubi (D:6)
  An adder zombie (D:3)
  2 ribbon worms
  8 dart slugs
  78 orcs
  5 bats
  17 endoplasms
  11 giant cockroaches
  4 goblins
  6 hobgoblins
  5 jackals
  31 kobolds
  4 quokkas
  13 ball pythons
  An endoplasm zombie (Crypt:1)
  10 frilled lizards
  A giant cockroach zombie (D:3)
  A quokka zombie (D:3)
  3 rats
  2 starspawn tentacles (WizLab)
2430 creatures vanquished.

Vanquished Creatures (collateral kills)
  Jory (Vaults:4)
  An acid blob (Slime:5)
  A quicksilver ooze (Slime:5)
  3 adders
  An orc (D:3)
  A goblin (D:1)
  2 hobgoblins
  A jackal (D:1)
  A quokka (D:1)
  A ball python (D:3)
  2 frilled lizards
  2 rats (D:1)
17 creatures vanquished.

Vanquished Creatures (others)
  2 acid blobs
  2 eldritch tentacles (WizLab)
  A draconian monk (Zot:2)
  A hell hog (Depths:1)
  A hell knight (Crypt:3)
  2 harpies (Vaults:1)
  A bloated husk (Swamp:4)
  An air elemental (Elf:2)
  4 foxfires
  5 starspawn tentacles (WizLab)
20 creatures vanquished.

Grand Total: 2467 creatures vanquished

Notes
Turn   | Place    | Note
-------+----------+-------------------------------------------
     0 | D:1      | EnegeticOcto the Coglin Summoner began the quest for the
                  | Orb.
     0 | D:1      | Reached XP level 1. HP: 13/13 MP: 3/3
   173 | D:1      | Found a faded altar of an unknown god.
   288 | D:1      | Reached skill level 2 in Stealth
   290 | D:1      | Reached skill level 2 in Spellcasting
   292 | D:1      | Reached XP level 2. HP: 19/20 MP: 3/5
   295 | D:1      | Learned a level 2 spell: Call Imp
   554 | D:1      | Reached skill level 1 in Fighting
   941 | D:1      | Reached XP level 3. HP: 25/26 MP: 3/6
  1338 | D:1      | Identified a scroll of acquirement
  1353 | D:1      | Acquired a +1 hand cannon of electrocution
  3281 | D:2      | Reached skill level 1 in Ranged Weapons
  3351 | D:2      | Reached XP level 4. HP: 33/33 MP: 7/7
  3459 | D:2      | Found an opulent altar of Gozag.
  3821 | D:3      | Reached skill level 2 in Fighting
  4835 | D:3      | Reached skill level 2 in Ranged Weapons
  4836 | D:3      | Reached XP level 5. HP: 38/38 MP: 5/8
  4983 | D:3      | Reached skill level 3 in Stealth
  4999 | D:3      | Found a basalt altar of Yredelemnul.
  5251 | D:4      | Reached skill level 3 in Ranged Weapons
  5380 | D:4      | Reached XP level 6. HP: 44/44 MP: 9/9
  5547 | D:4      | Reached skill level 4 in Ranged Weapons
  6125 | D:4      | Found Cuecarom's Weapon Shop.
  6144 | D:4      | Found a shimmering altar of Xom.
  6421 | D:5      | Entered Level 5 of the Dungeon
  6535 | D:5      | Reached skill level 3 in Fighting
  6535 | D:5      | Reached XP level 7. HP: 52/52 MP: 10/10
  6550 | D:5      | Reached skill level 5 in Ranged Weapons
  6651 | D:5      | Noticed Pikel
  6682 | D:5      | Killed Pikel
  6683 | D:5      | Reached skill level 4 in Fighting
  6683 | D:5      | Reached skill level 6 in Ranged Weapons
  6683 | D:5      | Reached XP level 8. HP: 50/61 MP: 11/11
  6716 | D:5      | Found a glowing drain.
  6743 | Sewer    | Entered a sewer
  7295 | Sewer    | Reached skill level 5 in Fighting
  7308 | Sewer    | Reached skill level 7 in Ranged Weapons
  8496 | Sewer    | Identified the amulet of Nosuw {rN+ RegenMP+ Str+3 Int-2}
  8544 | D:5      | Found a sparkling altar of Nemelex Xobeh.
  8679 | D:5      | Reached skill level 8 in Ranged Weapons
  8753 | D:5      | Found a runed translucent door.
  8754 | D:5      | Noticed Crazy Yiuf
  8820 | D:5      | Found a stormy altar of Qazlal.
  9054 | D:5      | Noticed Duvessa
  9054 | D:5      | Noticed Dowan
  9162 | D:5      | Killed Crazy Yiuf
  9290 | D:6      | Reached XP level 9. HP: 68/68 MP: 12/12
  9916 | D:6      | Reached skill level 9 in Ranged Weapons
 11150 | D:6      | Reached skill level 10 in Ranged Weapons
 11181 | D:6      | Found a staircase to the Ecumenical Temple.
 11206 | Temple   | Entered the Ecumenical Temple
 11215 | Temple   | Became a worshipper of Dithmenos the Shadowed
 11434 | D:7      | Reached skill level 2 in Dodging
 12466 | D:7      | Found a burning altar of Makhleb.
 12487 | D:8      | Reached skill level 1 in Evocations
 12710 | D:8      | Reached skill level 3 in Dodging
 12710 | D:8      | Reached skill level 2 in Evocations
 12710 | D:8      | Reached XP level 10. HP: 72/76 MP: 10/13
 12717 | D:8      | Reached skill level 6 in Fighting
 12720 | D:8      | Reached skill level 3 in Evocations
 12957 | D:8      | Noticed a manticore
 12957 | D:8      | Noticed a two-headed ogre
 13121 | D:8      | Reached * piety under Dithmenos
 13127 | D:8      | Reached skill level 11 in Ranged Weapons
 13308 | D:8      | Noticed a +0 hand axe
 13308 | D:8      | Noticed a +0 hand axe
 13309 | D:8      | Found a hide-covered altar of Uskayaw.
 13426 | D:8      | Noticed Erica
 13809 | D:9      | Noticed a two-headed ogre
 13812 | D:9      | Killed a two-headed ogre
 13813 | D:9      | Reached skill level 4 in Dodging
 13813 | D:9      | Reached skill level 4 in Evocations
 13864 | D:9      | Noticed Amaemon
 13869 | D:9      | Noticed an orange demon
 13873 | D:8      | Killed Amaemon
 13874 | D:8      | Reached skill level 5 in Evocations
 14202 | D:9      | Killed an orange demon
 14436 | D:9      | Noticed Grum
 14440 | D:9      | Reached skill level 7 in Fighting
 14444 | D:9      | Killed Grum
 14445 | D:9      | Reached XP level 11. HP: 84/84 MP: 14/14
 14476 | D:9      | Reached ** piety under Dithmenos
 14488 | D:9      | Reached skill level 5 in Dodging
 14550 | D:9      | Noticed Joseph
 14586 | D:9      | Found a glowing silver altar of Zin.
 14605 | D:9      | Found an opulent altar of Gozag.
 14617 | D:9      | Reached skill level 12 in Ranged Weapons
 14692 | D:9      | Noticed a two-headed ogre
 14961 | D:9      | Killed a two-headed ogre
 15046 | D:9      | Noticed Maurice
 15091 | D:10     | Entered Level 10 of the Dungeon
 15293 | D:10     | Found a glowing golden altar of the Shining One.
 15802 | D:10     | Noticed a two-headed ogre
 15819 | D:10     | Killed a two-headed ogre
 16172 | D:10     | Identified the +5 chain mail of the Earth {^Drain rPois
                  | Str+4}
 16419 | D:10     | Found a staircase to the Lair.
 16435 | D:10     | Reached skill level 8 in Fighting
 16916 | D:10     | Noticed a two-headed ogre
 16935 | D:10     | Killed a two-headed ogre
 17054 | D:10     | Found an ancient bone altar of Kikubaaqudgha.
 17426 | Lair:1   | Entered Level 1 of the Lair of Beasts
 17431 | Lair:1   | Reached skill level 13 in Ranged Weapons
 17863 | Lair:2   | Noticed a death yak
 17863 | Lair:2   | Noticed a death yak
 17879 | Lair:1   | Killed a death yak
 18903 | Lair:1   | Reached skill level 9 in Fighting
 18954 | Lair:1   | Reached XP level 12. HP: 95/95 MP: 15/15
 19699 | Lair:1   | Reached skill level 14 in Ranged Weapons
 20102 | Lair:1   | Identified the +2 troll leather armour of the Armadillo
                  | {rElec Regen+ rCorr Str+2}
 20194 | Lair:1   | Noticed a skyshark
 20194 | Lair:1   | Noticed a four-headed hydra
 20225 | Lair:1   | Reached skill level 6 in Dodging
 20902 | Lair:2   | Noticed a skyshark
 21022 | Lair:2   | Noticed a death yak
 21023 | Lair:2   | Noticed a death yak
 21030 | Lair:1   | Killed a death yak
 21123 | Lair:1   | Killed a death yak
 21123 | Lair:1   | Reached *** piety under Dithmenos
 21162 | Lair:2   | Noticed a death yak
 21162 | Lair:2   | Noticed a death yak
 21253 | Lair:1   | Killed a death yak
 21254 | Lair:1   | Reached skill level 10 in Fighting
 21257 | Lair:1   | Killed a death yak
 21322 | Lair:1   | Killed a death yak
 21394 | Lair:1   | Reached skill level 7 in Dodging
 21442 | Lair:2   | Reached skill level 15 in Ranged Weapons
 21678 | Lair:2   | Reached XP level 13. HP: 103/103 MP: 16/16
 22410 | Lair:2   | Found a blossoming altar of Fedhas.
 22606 | Lair:2   | Reached skill level 1 in Armour
 23487 | Lair:3   | Reached skill level 2 in Armour
 23499 | Lair:3   | Reached skill level 16 in Ranged Weapons
 23502 | Lair:3   | Reached skill level 11 in Fighting
 23556 | Lair:3   | Reached **** piety under Dithmenos
 23738 | Lair:3   | Found a staircase to the Snake Pit.
 24538 | Lair:3   | Reached skill level 3 in Armour
 24667 | Lair:3   | Found a staircase to the Swamp.
 24971 | Lair:4   | Found a staircase to the Slime Pits.
 25565 | Lair:4   | Found a runed translucent gate.
 25565 | Lair:4   | Found a runed translucent gate.
 25565 | Lair:4   | Found a runed translucent gate.
 25930 | Lair:4   | Noticed Wici's ghost (journeyman MDFi)
 26124 | Lair:5   | Entered Level 5 of the Lair of Beasts
 26356 | Lair:5   | Reached XP level 14. HP: 113/113 MP: 17/17
 26360 | Lair:5   | Reached skill level 4 in Armour
 26360 | Lair:5   | Acquired a supertransmogrifier N-4500 {Will+ Slay+3 Clar
                  | RMsl}
 27225 | Lair:5   | Reached skill level 17 in Ranged Weapons
 28600 | Lair:5   | Reached skill level 12 in Fighting
 30359 | D:5      | Killed Dowan
 30361 | D:5      | Killed Duvessa
 30461 | D:8      | Killed Erica
 30552 | D:9      | Killed Joseph
 30670 | D:9      | Killed Maurice
 31096 | D:11     | You fall into a shaft and drop 2 floors!
 31873 | D:12     | Found a staircase to the Orcish Mines.
 32045 | D:12     | Reached skill level 6 in Evocations
 32474 | D:13     | Reached ***** piety under Dithmenos
 32475 | D:13     | Reached skill level 18 in Ranged Weapons
 32873 | Orc:1    | Entered Level 1 of the Orcish Mines
 32939 | Orc:1    | Reached skill level 13 in Fighting
 32939 | Orc:1    | Reached XP level 15. HP: 123/123 MP: 18/18
 32944 | Orc:1    | Reached skill level 7 in Evocations
 32971 | Orc:1    | Reached skill level 8 in Dodging
 33116 | Orc:1    | Reached skill level 8 in Evocations
 33285 | Orc:2    | Entered Level 2 of the Orcish Mines
 33655 | Orc:2    | Found Butyusus's Book Shoppe.
 33769 | Orc:2    | Found a roughly hewn altar of Beogh.
 33779 | Orc:2    | Found a staircase to the Elven Halls.
 34740 | Orc:2    | Reached skill level 9 in Evocations
 34748 | Orc:2    | Found Ruxzany's Antique Armour Shop.
 34748 | Orc:2    | Found Toinn's Distillery.
 34750 | Orc:2    | Found Qaaze's Magic Scroll Shop.
 34750 | Orc:2    | Found Desaivug's Antique Weapon Emporium.
 34758 | Orc:2    | Bought a scroll of identify for 30 gold pieces
 34758 | Orc:2    | Bought a scroll of poison for 60 gold pieces
 34761 | Orc:2    | Gained mutation: Your system is resistant to poisons.
                  | (rPois) [potion of mutation]
 34761 | Orc:2    | Gained mutation: You are somewhat resistant to further
                  | mutation. [potion of mutation]
 34762 | Orc:2    | Bought 2 potions of haste for 300 gold pieces
 34762 | Orc:2    | Bought a potion of curing for 45 gold pieces
 35072 | Orc:2    | Bought a scroll of enchant armour for 112 gold pieces
 35072 | Orc:2    | Bought 3 scrolls of brand weapon for 427 gold pieces
 35072 | Orc:2    | Bought a scroll of immolation for 60 gold pieces
 35079 | Orc:2    | Bought a spiked ring mail for 270 gold pieces
 35079 | Orc:2    | Identified the +3 ring mail of Insecurity {Harm Regen+}
                  | (You bought it in a shop on level 2 of the Orcish Mines)
 35197 | D:14     | Reached skill level 9 in Dodging
 35213 | D:14     | Found a gate to the Vaults.
 35580 | D:14     | Found a radiant altar of Vehumet.
 35685 | D:14     | Reached skill level 14 in Fighting
 35723 | D:14     | Reached skill level 1 in Invocations
 35855 | D:14     | Identified the +8 plate armour of Untold Secrets {Will-
                  | Regen+ Dex+3}
 35930 | D:14     | Found a hazy altar of Hepliaklqana.
 35972 | D:15     | Entered Level 15 of the Dungeon
 35991 | D:15     | Reached skill level 10 in Evocations
 36081 | D:15     | Reached skill level 2 in Invocations
 36125 | D:15     | Found a shimmering blue altar of Sif Muna.
 36278 | D:15     | Found a staircase to the Depths.
 36339 | D:15     | Reached ****** piety under Dithmenos
 36352 | D:15     | Reached XP level 16. HP: 134/134 MP: 19/19
 36904 | Swamp:1  | Entered Level 1 of the Swamp
 37017 | Swamp:1  | Reached skill level 3 in Invocations
 37521 | Swamp:1  | Reached skill level 10 in Dodging
 37603 | Swamp:1  | Identified the +3 war axe of Osogivugg {spect, Str+2}
 37878 | Swamp:1  | Reached skill level 4 in Invocations
 38148 | Swamp:2  | Noticed a fenstrider witch
 38155 | Swamp:2  | Killed a fenstrider witch
 38251 | Swamp:2  | Reached skill level 15 in Fighting
 38359 | Swamp:2  | Found a runed translucent door.
 38360 | Swamp:2  | Found a shimmering altar of Xom.
 38360 | Swamp:2  | Noticed Losm's ghost (adept CoAr)
 38360 | Swamp:2  | Identified the +0 demon whip of Watchfulness {chaos, Str+5}
 38746 | Swamp:2  | Reached skill level 5 in Invocations
 39054 | Swamp:3  | Noticed a thorn hunter
 39062 | Swamp:3  | Killed a thorn hunter
 39099 | Swamp:3  | Reached skill level 11 in Dodging
 39663 | Swamp:3  | Learned a level 1 spell: Apportation
 39667 | Swamp:3  | Learned a level 3 spell: Passwall
 39671 | Swamp:3  | Learned a level 3 spell: Swiftness
 40116 | Swamp:4  | Entered Level 4 of the Swamp
 40126 | Swamp:4  | Reached skill level 6 in Invocations
 40381 | Swamp:4  | Noticed a thorn hunter
 40421 | Swamp:4  | Killed a thorn hunter
 40422 | Swamp:4  | Reached XP level 17. HP: 129/143 MP: 21/21
 41310 | Swamp:4  | Reached skill level 16 in Fighting
 42092 | Swamp:4  | Reached skill level 7 in Invocations
 42134 | Swamp:4  | Reached skill level 12 in Dodging
 42181 | Swamp:4  | Got a decaying rune of Zot
 42560 | Snake:1  | Entered Level 1 of the Snake Pit
 42797 | Orc:2    | Bought a book of Minor Magic for 160 gold pieces
 42800 | Orc:2    | Learned a level 2 spell: Blink
 43089 | Snake:1  | Reached skill level 1 in Translocations
 43641 | Snake:1  | Reached skill level 2 in Translocations
 43821 | Snake:2  | Noticed Gipinaek's ghost (adept DsGl)
 43848 | Snake:2  | Found a runed translucent door.
 45028 | Snake:2  | Killed Gipinaek's ghost
 45029 | Snake:2  | Reached skill level 3 in Translocations
 45029 | Snake:2  | Reached skill level 8 in Invocations
 45753 | Snake:3  | Reached XP level 18. HP: 153/153 MP: 24/24
 46048 | Snake:4  | Entered Level 4 of the Snake Pit
 46118 | Snake:3  | Reached skill level 4 in Translocations
 46891 | Snake:4  | Identified the +1 short sword of Adetocs {heavy, *Noise
                  | ^Drain Int+8 Dex+3}
 46928 | Snake:3  | Reached skill level 17 in Fighting
 47021 | Snake:3  | Reached skill level 13 in Dodging
 48733 | Snake:4  | Reached skill level 5 in Translocations
 49769 | Snake:4  | Reached skill level 9 in Invocations
 50383 | Snake:4  | Reached skill level 5 in Armour
 51233 | Snake:4  | Identified the +5 scale mail "Jiumyil" {Dex+3}
 51271 | Snake:4  | Got a serpentine rune of Zot
 51735 | Elf:1    | Entered Level 1 of the Elven Halls
 53283 | Elf:1    | Reached skill level 6 in Armour
 53458 | Elf:2    | Reached XP level 19. HP: 162/162 MP: 26/26
 54353 | Elf:2    | Reached skill level 14 in Dodging
 54378 | Elf:2    | Found a runed translucent gate.
 54378 | Elf:2    | Found a runed translucent gate.
 54378 | Elf:2    | Found a runed translucent gate.
 54457 | Elf:2    | Reached skill level 10 in Invocations
 54532 | Elf:2    | Reached skill level 18 in Fighting
 55607 | Elf:2    | Noticed Saint Roka
 55673 | Elf:2    | Killed Saint Roka
 56069 | Elf:2    | Noticed Zenata
 56073 | Elf:2    | Zenata changed into Zenata the boulder beetle
 56073 | Elf:2    | Noticed Zenata
 56079 | Elf:2    | Killed Zenata the boulder beetle
 57456 | Elf:3    | Entered Level 3 of the Elven Halls
 58124 | Elf:3    | Reached skill level 11 in Invocations
 58506 | Elf:3    | Identified the +4 trident of Annoyance {freeze, +Blink
                  | Str+5 Dex-5}
 58727 | Elf:3    | Reached skill level 15 in Dodging
 58969 | Elf:3    | Identified the +1 great sword of Anxiety {antimagic, rF+
                  | Int+4}
 58969 | Elf:3    | Identified the ring of Miracles {rElec rCorr MP+9}
 59136 | Elf:3    | Reached XP level 20. HP: 147/172 MP: 28/28
 59295 | Elf:3    | Identified the +4 whip of Responsibility {spect, Fly rF+
                  | rC+}
 59936 | Elf:3    | Reached skill level 19 in Fighting
 60093 | Elf:3    | Identified the +10 dagger of Xiyt {venom, rF+}
 60093 | Elf:3    | Identified the +1 robe of Shielding {rF++ rN+ Int-3}
 60862 | Elf:3    | Identified the serpent talisman "Ymapy" {rElec Str+3 Int+5
                  | Stlth-}
 60862 | Elf:3    | Noticed Aizul
 60866 | Elf:3    | Identified the staff of the Fortifying Priest {rF+ rN+
                  | Str+3 Stlth- Fire}
 60873 | Elf:3    | Killed Aizul
 60881 | Elf:3    | Killed the ghostly Aizul
 61992 | Vaults:1 | Entered Level 1 of the Vaults
 62939 | Vaults:1 | Reached skill level 12 in Invocations
 63051 | Vaults:1 | Paralysed by a formless jellyfish for 1 turns
 63084 | Vaults:1 | Identified the +0 pair of gloves "Uckusu Viuta" {Int+3}
 63641 | Vaults:1 | Reached skill level 16 in Dodging
 64753 | Vaults:1 | Reached XP level 21. HP: 182/182 MP: 30/30
 64780 | Vaults:1 | Reached skill level 20 in Fighting
 65171 | Vaults:1 | Reached skill level 13 in Invocations
 65340 | Vaults:1 | Got the Vellum of Leadership
 65546 | Vaults:1 | Reached skill level 1 in Necromancy
 65732 | Vaults:2 | Reached skill level 2 in Necromancy
 65937 | Vaults:2 | Reached skill level 17 in Dodging
 65985 | Vaults:2 | Reached skill level 3 in Necromancy
 66179 | Vaults:2 | Reached skill level 4 in Necromancy
 66412 | Vaults:2 | Reached skill level 5 in Necromancy
 66741 | Vaults:2 | Reached skill level 6 in Necromancy
 66759 | Vaults:2 | You fall into a shaft and drop 1 floor!
 66846 | Vaults:3 | Found a magical portal.
 66856 | WizLab   | Entered The Roulette of Golubria
 66856 | WizLab   | Found a transporter.
 66859 | WizLab   | Found the +1 cloak of Starlight {*Dazzle EV+4 Stlth--}
 66859 | WizLab   | Found a corrupted altar of Lugonu.
 67126 | WizLab   | Found a transporter.
 67132 | WizLab   | Found a corrupted altar of Lugonu.
 67162 | WizLab   | Found a transporter.
 67496 | WizLab   | Found a transporter.
 67505 | WizLab   | Found a corrupted altar of Lugonu.
 67570 | WizLab   | Found a corrupted altar of Lugonu.
 67592 | WizLab   | Found a transporter.
 67597 | WizLab   | Found a transporter.
 67599 | WizLab   | Found a corrupted altar of Lugonu.
 67631 | WizLab   | Found a corrupted altar of Lugonu.
 67687 | WizLab   | Found a corrupted altar of Lugonu.
 67726 | WizLab   | Learned a level 4 spell: Dispel Undead
 67759 | WizLab   | Found a transporter.
 67759 | WizLab   | Found a transporter.
 67800 | WizLab   | Found a transporter.
 67800 | WizLab   | Found a transporter.
 67802 | WizLab   | Paralysed by an air elemental for 1 turns
 67846 | WizLab   | Reached skill level 7 in Necromancy
 67848 | WizLab   | Found a transporter.
 67848 | WizLab   | Found a transporter.
 67875 | WizLab   | Found a transporter.
 67877 | WizLab   | Found a transporter.
 67900 | WizLab   | Found a corrupted altar of Lugonu.
 67903 | WizLab   | Found a transporter.
 67951 | WizLab   | Found a transporter.
 67951 | WizLab   | Found a transporter.
 68168 | WizLab   | Reached skill level 18 in Dodging
 68262 | WizLab   | Found a transporter.
 68264 | WizLab   | Found a transporter.
 68287 | WizLab   | Reached XP level 22. HP: 106/190 MP: 28/31
 68448 | WizLab   | Reached skill level 6 in Translocations
 68619 | WizLab   | Identified the +7 hand axe of the Loving Visionary {drain,
                  | rF+ Int+3}
 68695 | Vaults:3 | Reached skill level 8 in Necromancy
 68709 | Vaults:3 | Reached skill level 7 in Translocations
 68851 | Vaults:3 | Reached skill level 8 in Translocations
 69313 | Vaults:3 | Reached skill level 9 in Necromancy
 69478 | Vaults:3 | Reached skill level 9 in Translocations
 69625 | Vaults:3 | Found a staircase to the Crypt.
 69755 | Vaults:3 | Reached skill level 10 in Necromancy
 69838 | Vaults:3 | Found the +3 pair of mountain boots {steadfast, rC+}
 70010 | Vaults:3 | Identified the +4 chain mail of a volcano {rN++ Int-3}
 70478 | Vaults:3 | Reached skill level 11 in Necromancy
 70829 | Vaults:4 | Noticed Jory
 70847 | Vaults:4 | Killed Jory
 71103 | Vaults:4 | Reached skill level 12 in Necromancy
 71127 | Vaults:4 | Identified the +3 robe of Monotheism {rC+ Int+3 Dex-4}
 71127 | Vaults:4 | Noticed Boris
 71144 | Vaults:4 | Killed Boris
 71261 | Vaults:4 | Found Cucwivib's Distillery.
 71269 | Vaults:4 | Bought a potion of haste for 120 gold pieces
 71269 | Vaults:4 | Bought a potion of heal wounds for 60 gold pieces
 71269 | Vaults:4 | Bought a potion of enlightenment for 60 gold pieces
 71269 | Vaults:4 | Bought a potion of invisibility for 96 gold pieces
 71269 | Vaults:4 | Bought a potion of ambrosia for 96 gold pieces
 71617 | Vaults:4 | Reached skill level 13 in Necromancy
 72024 | Vaults:4 | Identified the +1 arbalest "Zastru Loos" {freeze, +Blink}
 72075 | Vaults:4 | Reached XP level 23. HP: 196/196 MP: 32/32
 72149 | Vaults:4 | Reached skill level 14 in Necromancy
 72598 | Depths:1 | Entered Level 1 of the Depths
 73239 | Depths:1 | Reached skill level 15 in Necromancy
 73608 | Depths:1 | Upgraded the game from 0.32-a0-921-g04a7ad8e02 to
                  | 0.32-a0-931-g5a2cda0630
 73877 | Depths:1 | Found Sestreloj's Book Shop.
 73879 | Depths:1 | Found Hyirph's Jewellery Emporium.
 73880 | Depths:1 | Found Ymyshy's Book Shop.
 73898 | Depths:1 | Bought a Necronomicon for 1026 gold pieces
 73903 | Depths:1 | Learned a level 4 spell: Passage of Golubria
 73914 | Depths:1 | Learned a level 8 spell: Borgnjor's Revivification
 74024 | Depths:1 | Found Wifies's Serpentskin Sales.
 74076 | Depths:1 | Found Meaghaemih's Jewellery Emporium.
 74580 | Depths:1 | Found an ancient bone altar of Kikubaaqudgha.
 74587 | Depths:1 | Reached skill level 16 in Necromancy
 75114 | Depths:2 | Found a broken altar of Ashenzari.
 75425 | Depths:2 | Found a one-way gate to the infinite horrors of the Abyss.
 75459 | Depths:2 | Reached skill level 17 in Necromancy
 75972 | Depths:2 | Found a gateway to Hell.
 76012 | Depths:2 | Found a runed translucent door.
 76012 | Depths:2 | Noticed Huzoalasm's ghost (veteran KoBr)
 76148 | Depths:2 | Found a one-way gate leading to the halls of Pandemonium.
 76226 | Depths:2 | Identified the +3 leather armour "Destuups" {rN+ rCorr}
 76324 | Depths:3 | Found Hewienep's Magic Scroll Boutique.
 76333 | Depths:3 | Reached skill level 18 in Necromancy
 76597 | Depths:3 | Bought a scroll of enchant weapon for 150 gold pieces
 76597 | Depths:3 | Bought a scroll of silence for 190 gold pieces
 76597 | Depths:3 | Bought a scroll of teleportation for 60 gold pieces
 76722 | Depths:3 | Found a one-way gateway to a ziggurat.
 76764 | Depths:3 | Identified the +2 robe of Qaetejefe {rCorr Dex-2 Archmagi}
 76764 | Depths:3 | Noticed Boris
 76940 | Depths:3 | Killed Boris
 77172 | Depths:3 | Found a transporter.
 77187 | Depths:3 | Found Risoph's Magic Scroll Boutique.
 77293 | Depths:3 | Bought a scroll of teleportation for 48 gold pieces
 77293 | Depths:3 | Bought a scroll of teleportation for 48 gold pieces
 77376 | Depths:3 | Found a glowing golden altar of the Shining One.
 77434 | Depths:3 | Found a transporter.
 77530 | Depths:3 | Found Likhluirr's Antique Weapon Shoppe.
 77694 | Depths:4 | Entered Level 4 of the Depths
 77733 | Depths:4 | Reached XP level 24. HP: 197/204 MP: 21/32
 77786 | Depths:4 | Found Kyrympin's Weapon Boutique.
 77952 | Depths:4 | Reached skill level 19 in Necromancy
 78090 | Depths:4 | Noticed a caustic shrike
 78090 | Depths:4 | Noticed a caustic shrike
 78090 | Depths:4 | Noticed a caustic shrike
 78093 | Depths:4 | Noticed a caustic shrike
 78357 | Depths:3 | Killed a caustic shrike
 78440 | Depths:4 | Found Orrir's Magic Scroll Shoppe.
 78547 | Depths:4 | Bought a scroll of enchant weapon for 135 gold pieces
 78547 | Depths:4 | Bought a scroll of poison for 72 gold pieces
 78589 | Depths:4 | Noticed a caustic shrike
 78590 | Depths:4 | Noticed a caustic shrike
 78591 | Depths:4 | Noticed a caustic shrike
 78594 | Depths:4 | Found Jyheme's Assorted Antiques.
 78594 | Depths:4 | Noticed a caustic shrike
 78599 | Depths:4 | Killed a caustic shrike
 78600 | Depths:4 | Killed a caustic shrike
 78602 | Depths:4 | Killed a caustic shrike
 78604 | Depths:4 | Killed a caustic shrike
 78674 | Depths:4 | Found Cosyesux's Assorted Antiques.
 78675 | Depths:4 | Found Ufaopigh's Antique Armour Shop.
 78682 | Depths:4 | Bought a pair of steaming gloves for 304 gold pieces
 78682 | Depths:4 | Identified the +1 pair of gloves of Zejaqifu {-Tele Str+3}
                  | (You bought it in a shop on level 4 of the Depths)
 78683 | Depths:4 | Bought a pair of runed gloves for 240 gold pieces
 78698 | Depths:4 | Killed a caustic shrike
 78832 | Depths:4 | Killed a caustic shrike
 78995 | Depths:4 | Killed a caustic shrike
 78996 | Depths:4 | Reached skill level 20 in Necromancy
 79115 | Depths:4 | Found a shadowy altar of Dithmenos.
 79148 | Depths:4 | Found a gate to the Realm of Zot.
 79332 | Depths:4 | Found Avan's Distillery.
 79393 | Depths:4 | Bought a potion of heal wounds for 105 gold pieces
 79393 | Depths:4 | Bought a potion of heal wounds for 105 gold pieces
 79393 | Depths:4 | Bought a potion of cancellation for 168 gold pieces
 79886 | Lair:4   | Killed Wici's ghost
 79994 | Slime:1  | Entered Level 1 of the Pits of Slime
 80239 | Slime:1  | Gained mutation: You are somewhat resistant to both further
                  | mutation and mutation removal. [a shining eye]
 80241 | Slime:1  | Gained mutation: You sometimes lose your temper in combat.
                  | [a shining eye]
 82270 | Slime:4  | Gained mutation: Your body sometimes deteriorates upon
                  | taking damage. [a shining eye]
 82614 | Slime:4  | Reached skill level 21 in Necromancy
 83649 | Slime:5  | Entered Level 5 of the Pits of Slime
 84055 | Slime:5  | Noticed the Royal Jelly
 84912 | Slime:5  | Lost mutation: You sometimes lose your temper in combat. [a
                  | shining eye]
 87233 | Vaults:3 | Reached skill level 22 in Necromancy
 87302 | Crypt:1  | Entered Level 1 of the Crypt
 87365 | Crypt:1  | Reached XP level 25. HP: 210/210 MP: 32/32
 89361 | Crypt:2  | Reached skill level 23 in Necromancy
 90121 | Crypt:2  | Identified the +2 robe "Wekk" {Rampage Will- Str-3 Int+5}
 90121 | Crypt:2  | Noticed Boris
 90559 | Crypt:2  | Killed Boris
 91153 | Crypt:3  | Entered Level 3 of the Crypt
 92238 | Crypt:3  | Identified the +2 robe "Pidomn" {^Contam Harm Archmagi}
 92238 | Crypt:3  | Noticed Boris
 92277 | Crypt:3  | Killed Boris
 92807 | Crypt:3  | Reached skill level 24 in Necromancy
 93054 | Crypt:3  | Noticed an ancient lich
 93257 | Crypt:3  | Killed an ancient lich
 93977 | Crypt:3  | Found a staircase to the Tomb.
 94268 | Crypt:3  | Found a basalt altar of Yredelemnul.
 94288 | Crypt:3  | Identified the staff of Tumult {+Blink rN+ Dex+4 Necro}
109071 | Slime:5  | Killed the Royal Jelly
110935 | Slime:5  | Found the +8 trishula "Condemnation" {holy, anguish, *Noise
                  | Fly rN+}
110937 | Slime:5  | Found the +10 tower shield of Ignorance {rN+ Int-4}
110957 | Slime:5  | Identified the +6 scale mail "Hiuthoc" {rCorr Dex+2 Stlth+}
110974 | Slime:5  | Got the Textbook on the Dead Whammy
110982 | Slime:5  | Got a slimy rune of Zot
110983 | Slime:5  | Identified the +0 troll leather armour of the Lute {rElec
                  | Regen+}
111043 | Slime:5  | Acquired 737 gold pieces
111063 | Slime:5  | Identified the +3 scimitar "Nyagas" {heavy, rN+ Str-4 Int+3
                  | SInv}
111100 | Slime:5  | Identified the ring "Juemis" {Ice Int+2 Dex+2 Slay-3}
111107 | Slime:5  | Identified the staff of Zyomug {SInv Stlth+ Conj}
111108 | Slime:5  | Identified the +4 spear of Xooqac Vaeg {heavy, rPois
                  | Stlth+}
111112 | Slime:5  | Identified the +8 chain mail of Elyvilon's Pride {Slay+2}
111763 | Zot:1    | Entered Level 1 of the Realm of Zot
111777 | Zot:1    | Reached skill level 25 in Necromancy
112041 | Depths:4 | Bought a potion of haste for 420 gold pieces
112086 | Zot:1    | Reached XP level 26. HP: 218/218 MP: 32/32
113863 | Zot:2    | Noticed an orb of fire
113871 | Zot:2    | Killed an orb of fire
113872 | Zot:2    | Reached skill level 26 in Necromancy
116750 | Zot:2    | Reached skill level 27 in Necromancy
119123 | Zot:2    | Reached skill level 7 in Armour
119596 | Zot:3    | Noticed an orb of fire
119613 | Zot:3    | Killed an orb of fire
120853 | Zot:4    | Reached skill level 8 in Armour
121414 | Zot:5    | Entered Level 5 of the Realm of Zot
121898 | Zot:5    | Reached XP level 27. HP: 165/227 MP: 27/32
122409 | Zot:5    | Noticed an ancient lich
122415 | Zot:5    | Noticed an orb of fire
122415 | Zot:5    | Noticed an orb of fire
122430 | Zot:5    | Got the Orb of Zot
122666 | Depths:1 | Noticed Surutejom the pandemonium lord
122695 | D:15     | Noticed Miokhlaech the pandemonium lord
122767 | D:12     | Reached skill level 21 in Fighting
122767 | D:12     | Reached skill level 9 in Armour
123114 | D:$      | Escaped with the Orb!

Illustrated notes

Levels and vault maps discovered:
D:1:      lemuel_arrival_tunnels, layout_loops_ring,
          chequers_ecumenical_altar_simple_redux, minmay_misc_feat_chi,
          minmay_misc_feat_rows, dk_noncrumbling_2, minmay_quantized
D:2:      layout_basic, basic_altar
D:3:      layout_loops_cross, nicolae_yredelemnul_corpse_copse
D:4:      layout_rooms, xom_confusion_cloud, serial_shops,
          nicolae_shop_real_fake_doors
D:5:      layout_gridville, nemelex_diamond_rough_becter,
          general_overflow_altar, gup_sewer_entry_glass,
          uniq_crazy_yiuf_cottage, uniq_pikel, uniq_duvessa
D:6:      minmay_razor_zed, layout_loops_cross, minmay_temple_entry_crystal_x
D:7:      layout_basic, mainiacjoe_overflow_alcove_2
D:8:      layout_layer_cave, dancing_weapons_uskayaw, lightli_corner_chamber,
          uniq_erica
D:9:      layout_basic, nicolae_overflow_hidden_temple, lemuel_crystal_altar,
          uniq_joseph, uniq_maurice, uniq_grum, uniq_amaemon
D:10:     layout_basic, kiku_gazebo_garden_becter,
          mainiacjoe_overflow_small_starburst, david_lair_shrubbed,
          serial_corexii_hall, chequers_hall_statues_y, corexii_hall_statues_x,
          corexii_hall_statues_t, corexii_hall_statues_t
D:11:     layout_loops_ring
D:12:     layout_irregular_city, orc_0_dummy, skrybe_limestone_x
D:13:     layout_irregular_city
D:14:     nicolae_whirlpool, layout_basic, erik_vaults_1,
          nicolae_vehumet_altar_sigil, nzn_hepliaklqana_mist_gate
D:15:     hangedman_depths_entry_civil_slaughter, layout_long_grid,
          hellmonk_sif_muna_bookshelves
Temple:   hellmonk_temple_two_chambers
Lair:1:   layout_big_grid, chequers_serial_rivers_micro_a, st_stairs_11,
          minmay_shattered_shrine, grunt_megastairs_4
Lair:2:   layout_small_grid, enter_volcano_3, basic_altar,
          chequers_serial_rivers_large_a, st_stairs_6, grunt_megastairs_1,
          serial_bayou_shore_b, serial_bayou_shore_b
Lair:3:   layout_gridlike, mainiacjoe_swamp_entry_angry_trees,
          guppyfry_snake_entry_island, beast_lair_carwin_8
Lair:4:   layout_hall_layers, slime_entry_1, gammafunk_ghost_icy
Lair:5:   evilmike_catoblepas_cave, layout_layer_cave, grunt_megastairs_5,
          lemuel_fruit_tree
Swamp:1:  layout_basic_swamp, serial_swamp_ruin, evilmike_swamp_ruin_house_1,
          evilmike_swamp_ruin_house_6, nicolae_swamp_treefoil
Swamp:2:  layout_basic_swamp, ebering_ghost_xom, evilmike_swamp_ruin_house_2,
          infiniplex_staircase_pool
Swamp:3:  layout_basic_swamp, nicolae_swamp_tree_designs, swamp_pool_1_2,
          nicolae_swamp_vermiculated
Swamp:4:  swamp_vile, layout_basic_swamp, swamp_pool_5, roderic_carrion_pond,
          nicolae_swamp_bean_lake
Snake:1:  layout_basic
Snake:2:  layout_rooms, hellmonk_ghost_happy_afterlife, serial_bayou_crossing
Snake:3:  layout_onion_interference
Snake:4:  snake_hunt, layout_rooms, grunt_megastairs_2
Slime:1:  layout_caves
Slime:2:  layout_caves, uniq_dissolution
Slime:3:  layout_caves
Slime:4:  layout_caves
Slime:5:  slime_pit_nicolae_royal_road_to_ruin
Orc:1:    layout_caves, blackcustard_mines_bat_river
Orc:2:    grunt_orc_tribal_feast, layout_caves, serial_shops,
          nicolae_shop_tiny_waterfront, mines1_david
Elf:1:    nicolae_elf_arrival_no_cutting_in_line, layout_onion_city,
          grunt_ministairs_9
Elf:2:    elven_hall_of_blades_hangedman_original [nicolae_blade_little_rooms],
          layout_rooms, minivault_8, uniq_zenata, uniq_saint_roka
Elf:3:    grunt_elf_hall_spiral, layout_geoelf_octagon,
          portal_ice_cave_entry_pillars_three, serial_glass, glass_columns_a,
          glass_columns_b, serial_library_hellmonk_layered_room, nrook_uturn,
          uniq_aizul
Vaults:1: ontoclasm_vaults_spin, st_greater_box_3, nicolae_vaults_circle_grid_a,
          v_misc_2, nicolae_vaults_apartment_2,
          nicolae_vaults_windows_and_doors_thing, nicolae_vaults_apartment_1,
          nicolae_vaults_little_squares_1, vaults_mumra_minichess_inversion,
          ontoclasm_vaults_twist, nicolae_vaults_house_1, vaults_room_corners,
          nicolae_vaults_asterisk, layout_vaults_maze_snakey
Vaults:2: nicolae_vaults_trapezoid_2, v_misc_28,
          nicolae_vaults_little_guard_posts,
          hangedman_vaults_stretched_pinwheel, nicolae_vaults_trapezoid_1,
          vaults_dpeg_hooks, nicolae_vaults_closet_pinwheel_4,
          layout_vaults_quadrants
Vaults:3: mu_enter_wizlab_6, vaults_mumra_hex, nicolae_vaults_wrenched,
          st_octagons_2, minmay_crypt_entry_skeletal_spiral,
          nicolae_vaults_ring_of_whatevers, vaults_dpeg_spiral,
          vaults_room_hallway, hangedman_vaults_trim, nicolae_vaults_tangram_1,
          hangedman_vaults_maws, nicolae_vaults_alarming,
          nicolae_vaults_house_2, ontoclasm_vaults_shuriken,
          nicolae_vaults_doubleplus_tesselated, layout_vaults_ring
Vaults:4: ontoclasm_vaults_gateway, nicolae_vaults_yaktaur_gun_rack,
          nicolae_vaults_frosty_reception, v_misc_23, hangedman_vaults_stagger,
          v_misc_29, v_misc_2, hangedman_vaults_hat,
          nicolae_vaults_library_corner, layout_vaults_omnicross, serial_shops,
          nicolae_shop_advertising_works [nicolae_subvault_shop_adworks],
          uniq_boris, uniq_jory
Crypt:1:  layout_chaotic_city
Crypt:2:  layout_rooms
Crypt:3:  cryptofortress_bobbens
Depths:1: evilmike_negative_zone, layout_cave_shapes, hell_entry,
          nicolae_twisting_strands, serial_shops,
          nicolae_shop_tiny_real_fake_doors, guppyfry_shop_venom,
          minmay_shop_grove
Depths:2: kennysheep_blocky_room, layout_twisted_cross, hellmouth_3,
          gammafunk_ghost_grave, grunt_pan_entry_zigzag,
          regret_index_abyss_entry_already_here, corexii_hall_statues_l,
          ashenzari_altar_1
Depths:3: gammafunk_its_a_trap, layout_cave_pools, enter_ziggurat_f,
          hangedman_geh_valley, nicolae_tso_carved_into_rock,
          hangedman_abyss_entry_splay, serial_shops, shop, shop, shop
Depths:4: evilmike_zot_entry_diamond, layout_cave_pools, serial_shops,
          nicolae_shop_waterfront, nicolae_shop_tiny_statue_garden, shop,
          nicolae_dithmenos_through_a_glass_darkly, abyss_entry, hellmouth_1,
          minmay_shop_star
Zot:1:    layout_misc_corridors
Zot:2:    lemuel_acid_trip, layout_onion
Zot:3:    grunt_twist_and_shout, layout_cathedral_of_symmetry
Zot:4:    layout_cellular_growth, grunt_ministairs_7, st_small_dragon_hoard_1
Zot:5:    layout_cellular_growth, st_stairs_13

Skill      XL: |  1  2  3  4  5  6  7  8  9 10 11 12 13 14 15 16 17 18 19 20 21 22 23 24 25 26 27 |
---------------+----------------------------------------------------------------------------------+-----
Stealth        | 2 3 |  3.0
Spellcasting   | 2 |  2.0
Fighting       | 1 2 3 4 5 7 9 10 11 13 14 15 16 17 18 19 20 21 | 21.1
Ranged Weapons | 1 2 3 4 6 8 10 11 13 15 16 18 | 18.0
Dodging        | 3 4 5 7 9 11 12 13 15 16 18 | 18.0
Evocations     | 2 5 6 10 | 10.0
Armour         | 3 4 6 8 9 |  9.3
Invocations    | 2 6 8 9 11 12 13 | 13.0
Translocations | 3 5 9 |  9.0
Necromancy     | 7 13 18 22 25 27 | 27.0
Summonings     | |  4.0

Action                     |  1- 3 |  4- 6 |  7- 9 | 10-12 | 13-15 | 16-18 | 19-21 | 22-24 | 25-27 || total
---------------------------+-------+-------+-------+-------+-------+-------+-------+-------+-------++-------
  Melee: Hand axe          |    39 |       |       |       |       |       |       |       |       ||    39
         Mace              |    18 |       |       |       |       |       |       |       |       ||    18
         Unarmed           |       |       |       |       |       |       |       |     5 |       ||     5
   Fire: Hand cannon       |    23 |   104 |   239 |   447 |   928 |  1266 |  1373 |  2523 |  4060 || 10963
         Sling             |    23 |   104 |   239 |   447 |   928 |  1266 |  1373 |   531 |       ||  4911
   Cast: Summon Small Mamm |    24 |     4 |     2 |    14 |     2 |       |       |       |       ||    46
         Call Imp          |    10 |     3 |     5 |    11 |     4 |       |       |       |       ||    33
         Blink             |       |       |       |       |       |     7 |     7 |     3 |    11 ||    28
 Invoke: Shadow Step       |       |       |       |       |       |     1 |     1 |       |       ||     2
         Shadow Form       |       |       |       |       |       |     1 |       |     1 |     1 ||     3
Ability: Invent Gizmo      |       |       |       |       |     1 |       |       |       |       ||     1
  Evoke: Wand              |       |       |       |     3 |     1 |     5 |    14 |    41 |     8 ||    72
         Lightning rod     |       |       |       |       |       |     4 |     3 |     8 |     3 ||    18
         Condenser vane    |       |       |       |       |       |       |       |     2 |       ||     2
    Use: Scroll            |     3 |     5 |     3 |     6 |    15 |    10 |    13 |    17 |    24 ||    96
         Potion            |     1 |     1 |       |     5 |     2 |       |     6 |     2 |    16 ||    33
   Stab: Sleeping          |     1 |       |       |       |       |       |       |       |       ||     1
         Distracted        |     1 |       |       |       |       |       |       |       |       ||     1
         Confused          |       |       |       |       |       |       |       |     1 |       ||     1
 Armour: Robe              |    41 |    16 |    23 |   108 |       |       |       |       |   161 ||   349
         Troll leather arm |       |       |       |    74 |   214 |   331 |   387 |   356 |   359 ||  1721
         Leather armour    |       |       |       |       |       |       |       |       |    20 ||    20
  Dodge: Dodged            |    30 |    13 |    34 |   104 |   180 |   302 |   461 |   755 |   948 ||  2827
         Repelled          |       |       |       |       |    13 |    65 |    62 |    48 |    66 ||   254

Table legend: (Time is in decaauts)
 A = Elapsed time spent in this place.
 B = Non-inter-level travel time spent in this place.
 C = Inter-level travel time spent in this place.
 D = Time resting spent in this place.
 E = Time spent auto-exploring this place.
 F = Levels seen in this place.
 G = Mean time per level.
                   A        B        C        D        E       F      G
               +--------+--------+--------+--------+--------+-----+--------+
         Total | 123341 | 116247 |   7094 |  67039 |  34096 |  57 | 2163.9 |
       Dungeon |  22109 |  19761 |   2348 |   7792 |   9235 |  15 | 1473.9 |
        Temple |     18 |     10 |      8 |      0 |      0 |   1 |   18.0 |
          Lair |  13340 |  12322 |   1018 |   5311 |   5492 |   5 | 2668.0 |
         Swamp |   5859 |   5674 |    185 |   2369 |   2512 |   4 | 1464.8 |
     Snake Pit |   8661 |   8362 |    299 |   4799 |   2566 |   4 | 2165.2 |
    Slime Pits |  23354 |  22451 |    903 |  19601 |    959 |   5 | 4670.8 |
  Orcish Mines |   2615 |   2250 |    365 |   1032 |    897 |   2 | 1307.5 |
   Elven Halls |  10108 |   9708 |    400 |   5933 |   2464 |   3 | 3369.3 |
        Vaults |   8885 |   8338 |    547 |   2681 |   3925 |   4 | 2221.2 |
         Crypt |   7372 |   7168 |    204 |   4552 |   1728 |   3 | 2457.3 |
        Depths |   6811 |   6408 |    403 |   2986 |   2237 |   4 | 1702.8 |
           Zot |  10541 |  10132 |    409 |   7619 |   1554 |   5 | 2108.2 |
         Sewer |   1857 |   1857 |      0 |   1478 |    136 |   1 | 1857.0 |
        Wizlab |   1803 |   1803 |      0 |    883 |    389 |   1 | 1803.0 |
               +--------+--------+--------+--------+--------+-----+--------+

Top non-repeatable levels by time:
 Slime:5: 17854 daAuts
   Zot:2: 5678 daAuts
 Snake:4: 5115 daAuts
   Elf:2: 4373 daAuts
   Elf:3: 4164 daAuts
  Lair:5: 3993 daAuts
  Lair:1: 3964 daAuts
Vaults:1: 3670 daAuts
 Slime:4: 3663 daAuts
 Crypt:3: 3064 daAuts
    D:10: 2686 daAuts
 Crypt:2: 2495 daAuts
 Swamp:4: 2463 daAuts
     D:2: 2341 daAuts
Vaults:3: 2259 daAuts

Table legend:
 A = Kills in this place as a percentage of kills in the entire game.
 B = Kills by you in this place as a percentage of kills by you in the entire game.
 C = Kills by friends in this place as a percentage of kills by friends in the entire game.
 D = Other kills in this place as a percentage of other kills in the entire game.
 E = Experience gained in this place as a percentage of experience gained in the entire game.
 F = Experience gained in this place divided by the number of levels of this place that you have seen.
                   A       B       C       D       E      F
               +-------+-------+-------+-------+-------+----------------------
         Total | 100.0 | 100.0 | 100.0 | 100.0 | 100.0 | 22558.2
       Dungeon |  15.5 |  15.1 |  86.7 |   0.0 |   5.5 | 4711.5
          Lair |   7.8 |   7.9 |   0.0 |   0.0 |   4.7 | 12104.0
         Swamp |   6.8 |   6.9 |   0.0 |   0.0 |   6.3 | 20225.0
     Snake Pit |   6.9 |   7.0 |   0.0 |   0.0 |   6.4 | 20705.5
    Slime Pits |   5.1 |   5.1 |   0.0 |   0.0 |   6.5 | 16715.4
  Orcish Mines |   4.8 |   4.8 |   0.0 |   0.0 |   2.0 | 12625.5
   Elven Halls |   9.1 |   9.2 |   0.0 |   0.0 |  10.7 | 45684.3
        Vaults |  15.5 |  15.6 |   6.7 |  11.1 |  19.7 | 63314.2
         Crypt |   7.8 |   7.8 |   0.0 |  11.1 |   8.7 | 37322.0
        Depths |   9.3 |   9.3 |   0.0 |  11.1 |  14.2 | 45752.8
           Zot |   7.4 |   7.3 |   0.0 |  44.4 |  13.0 | 33411.8
         Sewer |   2.1 |   2.1 |   6.7 |   0.0 |   0.0 | 301.0
        Wizlab |   2.0 |   1.9 |   0.0 |  22.2 |   2.3 | 29429.0
               +-------+-------+-------+-------+-------+----------------------
